 Dungeon Crawl Stone Soup version 0.27-a0-1548-gf8a67e7463 (webtiles) character file.

Game seed: 512825115530125269

40 Wyvernaa the Skirmisher (level 3, 0/19 HPs)
             Began as a Vine Stalker Fighter on July 14, 2021.
             Slain by a hobgoblin (1 damage)
             ... on level 1 of the Dungeon.
             The game lasted 00:05:32 (1421 turns).

Wyvernaa the Skirmisher (Vine Stalker Fighter)      Turns: 1421, Time: 00:05:33

Health: 0/19       AC:  6    Str: 18    XL:     3   Next: 50%
Magic:  0/5        EV:  7    Int:  9    God:
Gold:   47         SH:  9    Dex: 13    Spells: 4/4 levels left

rFire    . . .     SeeInvis .   a - +0 flail
rCold    . . .     Faith    .   c - +0 kite shield
rNeg     . . .     Spirit   +   b - +0 scale mail
rPois    .         Reflect  .   (no helmet)
rElec    .         Harm     .   (no cloak)
rCorr    .         Rampage  .   (no gloves)
Will     .....                  (no boots)
Stlth    ..........             (no amulet)
HPRegen  0.06/turn              (no ring)
MPRegen  0.09/turn              (no ring)

@: no status effects
A: fangs 2, magic shield, antimagic bite, no potion heal 2
a: no special abilities


You were on level 1 of the Dungeon.
You visited 1 branch of the dungeon, and saw 2 of its levels.

You collected 47 gold pieces.

Inventory:

Hand Weapons
 a - a +0 flail (weapon)
Armour
 b - a +0 scale mail (worn)
 c - a +0 kite shield (worn)
Scrolls
 e - a scroll of identify


   Skills:
 + Level 2.8 Fighting
 * Level 2.5 Maces & Flails
 * Level 0.4(1.6) Staves
 + Level 2.5 Armour
 + Level 0.3 Dodging
 - Level 2.7 Shields
 * Level 1.0 Spellcasting
 * Level 0.3 Hexes


You had 4 spell levels left.
You didn't know any spells.
Your spell library was empty.

Dungeon Overview and Level Annotations

Branches:
Dungeon (2/15)

Altars:

Shops:
D:1 (


Innate Abilities, Weirdness & Mutations

You have extremely sharp teeth.
When hurt, damage is shared between your health and your magic reserves.
Your bite disrupts and absorbs the magic of your enemies.
Potions cannot restore your health.


Message History

The kobold hits you but does no damage.
The jackal bites you but does no damage.
The hobgoblin hits you but does no damage.
You hit the hobgoblin.
The hobgoblin is heavily wounded.
The jackal bites you. The kobold hits you with a +0 dagger.
You block the jackal's attack.
The hobgoblin hits you but does no damage.
The kobold closely misses you. The jackal bites you.
You are too injured to fight recklessly!
Unknown command.
You are too injured to fight recklessly!
You are too injured to fight recklessly!
You barely miss the hobgoblin.
The hobgoblin is heavily wounded.
The jackal bites you. The hobgoblin completely misses you.
The kobold barely misses you. The jackal barely misses you.
The hobgoblin hits you.
Your shield prevents you from hitting the hobgoblin.
Your bite misses the hobgoblin.
The hobgoblin is moderately wounded.
The kobold barely misses you.
The jackal bites you but does no damage.
The hobgoblin barely misses you. The kobold hits you with a +0 dagger.
* * * LOW HITPOINT WARNING * * *
The jackal bites you but does no damage.
You aren't carrying any potions.
Okay, then.
You closely miss the hobgoblin. Your bite misses the hobgoblin.
The hobgoblin is moderately wounded.
The jackal bites you but does no damage.
You block the hobgoblin's attack. The kobold hits you with a +0 dagger.
* * * LOW HITPOINT WARNING * * *
The jackal barely misses you. The hobgoblin hits you.
* * * LOW HITPOINT WARNING * * *
You closely miss the hobgoblin. Your bite misses the hobgoblin.
The hobgoblin is moderately wounded.
You block the kobold's attack. You block the jackal's attack.
The hobgoblin hits you.
You die...

###.###......#### ####... #.#
#......##########....## #.#
#...................(# #.#
#......#####.........## #.#
#......# ##.........#. #.#
#.###### ##............ #.#
#...# ####.............
##.#####.###K...............
#........#.@h#.##...........
#........#g##..##......#....
#..........##.#...##.##..##.
#.......###...♣♣♣###.#..###.
#..........♣♣♣♣∩♣♣♣♣.......)
#.......##♣♣≈≈≈≈≈≈≈♣♣###...#
#.......#♣♣≈♣♣♣♣♣♣♣≈♣♣ #.###
#.......♣♣≈♣♣≈≈≈≈∩♣≈∩♣ #.#
####.......♣≈♣♣≈♣♣♣≈♣♣≈♣♣♣#.###


You could see a jackal, a hobgoblin and a kobold.

Vanquished Creatures
  A dart slug (D:1)
  2 ball pythons
  3 endoplasms (D:1)
  3 goblins (D:1)
  A hobgoblin (D:1)
  13 jackals (D:1)
  4 kobolds
  A quokka (D:1)
  A bat (D:1)
  A rat (D:1)
30 creatures vanquished.

Notes
Turn   | Place    | Note
-------+----------+-------------------------------------------
     0 | D:1      | Wyvernaa the Vine Stalker Fighter began the quest for the
                  | Orb.
     0 | D:1      | Reached XP level 1. HP: 11/11 MP: 2/2
    82 | D:1      | Found Vuloudwa's Antique Weapon Boutique.
   107 | D:1      | Reached XP level 2. HP: 9/16 MP: 3/3
   275 | D:1      | Reached skill level 1 in Spellcasting
   335 | D:1      | Reached XP level 3. HP: 13/19 MP: 5/5
  1421 | D:1      | Slain by a hobgoblin

Illustrated notes

Levels and vault maps discovered:
D:1:      nagdon_arrival_double_spiral, layout_rooms, serial_shops, shop
D:2:      layout_rooms, serial_shops, shop_statue

Skill      XL: |  1  2 |
---------------+-------+-----
Maces & Flails | 2 |  2.5
Spellcasting   | 1 |  1.0
Fighting       | |  2.8
Staves         | |  0.4
Armour         | |  2.5
Dodging        | |  0.3
Shields        | |  2.7
Hexes          | |  0.3

Action                   || total
-------------------------++-------
Melee: Flail             ||    90
       Bite              ||    14
  Use: Scroll            ||     1
       Potion            ||     1
Armor: Scale mail        ||    72
Dodge: Dodged            ||    51
Block: Kite shield       ||    75

Table legend: (Time is in decaauts)
 A = Elapsed time spent in this place.
 B = Non-inter-level travel time spent in this place.
 C = Inter-level travel time spent in this place.
 D = Time resting spent in this place.
 E = Time spent auto-exploring this place.
 F = Levels seen in this place.
 G = Mean time per level.
                   A        B        C        D        E       F      G
               +--------+--------+--------+--------+--------+-----+--------+
         Total |   1504 |   1478 |     26 |    528 |    532 |   2 |  752.0 |
       Dungeon |   1504 |   1478 |     26 |    528 |    532 |   2 |  752.0 |
               +--------+--------+--------+--------+--------+-----+--------+

Top non-repeatable levels by time:
     D:1: 1478 daAuts
     D:2: 26 daAuts
